 Dungeon Crawl Stone Soup version 0.28-a0-881-gae16bb6c82 (webtiles) character file.

Game seed: 3684289827519076307

5 Peloso the Covered (level 1, 0/20 HPs)
             Began as a Minotaur Fighter on Nov 21, 2021.
             Succumbed to Sigmund's poison
             ... on level 2 of the Dungeon.
             The game lasted 00:00:19 (71 turns).

Peloso the Covered (Minotaur Fighter)                 Turns: 71, Time: 00:00:19

Health: 0/20       AC:  7    Str: 20    XL:     1   Next: 66%
Magic:  0/0        EV:  9    Int:  5    God:
Gold:   0          SH:  0    Dex:  9    Spells: 0/0 levels left

rFire   . . .      SeeInvis .   a - +0 long sword
rCold   . . .      Faith    .   c - +0 buckler
rNeg    . . .      Spirit   .   b - +0 scale mail
rPois   .          Reflect  .   (helmet restricted)
rElec   .          Harm     .   (no cloak)
rCorr   .          Rampage  .   (no gloves)
Will    .....                   (no boots)
Stlth   ..........              (no amulet)
HPRegen 0.06/turn               (no ring)
MPRegen 0.07/turn               (no ring)

@: confused, lethally poisoned (0 -> -13)
A: horns 2, retaliatory headbutt
a: no special abilities


You were on level 2 of the Dungeon.
You visited 1 branch of the dungeon, and saw 2 of its levels.

Inventory:

Hand Weapons
 a - a +0 long sword (weapon)
Armour
 b - a +0 scale mail (worn)
 c - a +0 buckler (worn)
Scrolls
 e - a scroll of enchant weapon {unknown}
 f - a scroll of identify {unknown}
Potions
 d - a potion of might


   Skills:
 + Level 3.6 Fighting
 + Level 2.4 Long Blades
 + Level 4.0 Armour
 + Level 3.6 Shields


You couldn't memorise any spells.
You didn't know any spells.
Your spell library was empty.

Dungeon Overview and Level Annotations

Branches:
Dungeon (1/15)

Altars:

Annotations:
D:2 Sigmund


Innate Abilities, Weirdness & Mutations

You have a pair of horns on your head.
You reflexively headbutt those who attack you in melee.


Message History

Found a scroll labelled IDWANN RAXZOUL.
Found a stone staircase leading down.
f - a scroll labelled IDWANN RAXZOUL A ball python comes into view.
The ball python hisses angrily.
A ball python is nearby!
You hit the ball python.
You kill the ball python!
You see here a ball python corpse.
An endoplasm comes into view.
The endoplasm quivers.
An endoplasm is nearby!
An endoplasm is nearby!
Sigmund the Dreaded comes into view.
He is wielding a +2 scythe of venom.
Sigmund shouts!
The endoplasm freezes you.
You are frozen.
Sigmund drinks a potion.
Sigmund flickers and vanishes!
Deactivating autopickup; reactivate with Ctrl-A.
You hit the endoplasm.
You kill the endoplasm!
Your Armour skill increases to level 4!
A frilled lizard and a giant cockroach come into view.
You are confused.
The giant cockroach moves out of view.
You bump into the rock wall.
A magic dart appears from out of thin air!
The magic dart hits you!
You bump into the rock wall.
You bump into the rock wall.
You hear some strange, mumbled words.
You are more confused.
You bump into the rock wall.
The frilled lizard bites you but does no damage.
Something hits you but does no damage.
You are poisoned.
You bump into the rock wall.
You feel sick. The frilled lizard barely misses you. Something hits you.
* * * LOW HITPOINT WARNING * * *
You are more poisoned.
You miss the frilled lizard.
You die...

##### ####...# #......#
### #.#.#..####### ....
#......†...... .....
#.#.#.........
......#####.............
.....{l@......>.........
......########..........
..... #.......... ....
#.......... ...
#.......... ..
#.......... .
#.......... ..........
..###.####


You could see a frilled lizard.

Vanquished Creatures
  A ball python (D:2)
  An endoplasm (D:2)
  A goblin (D:1)
  A hobgoblin (D:1)
4 creatures vanquished.

Notes
Turn   | Place    | Note
-------+----------+-------------------------------------------
     0 | D:1      | Peloso the Minotaur Fighter began the quest for the Orb.
     0 | D:1      | Reached XP level 1. HP: 19/19 MP: 0/0
    39 | D:1      | You fall into a shaft and drop 1 floor!
    61 | D:2      | Noticed Sigmund
    63 | D:2      | Reached skill level 4 in Armour
    71 | D:2      | Succumbed to Sigmund's poison

Illustrated notes

Levels and vault maps discovered:
D:1:      wander_arrival_fairy_ring, layout_basic, serial_glass,
          glass_columns_b, glass_columns_b, serial_bayou_pond_e
D:2:      layout_basic, serial_glass, glass_columns_a, glass_columns_a,
          minivault_14, uniq_sigmund

Skill      XL: |  1 |
---------------+----+-----
Armour         | 4 |  4.0
Fighting       | |  3.6
Long Blades    | |  2.4
Shields        | |  3.6

Action                   || total
-------------------------++-------
Melee: Long sword        ||    11
       Headbutt          ||     1
Armor: Scale mail        ||     7
Dodge: Dodged            ||     3
Block: Buckler           ||     2

Table legend: (Time is in decaauts)
 A = Elapsed time spent in this place.
 B = Non-inter-level travel time spent in this place.
 C = Inter-level travel time spent in this place.
 D = Time resting spent in this place.
 E = Time spent auto-exploring this place.
 F = Levels seen in this place.
 G = Mean time per level.
                   A        B        C        D        E       F      G
               +--------+--------+--------+--------+--------+-----+--------+
         Total |     73 |     73 |      0 |      0 |     30 |   2 |   36.5 |
       Dungeon |     73 |     73 |      0 |      0 |     30 |   2 |   36.5 |
               +--------+--------+--------+--------+--------+-----+--------+

Top non-repeatable levels by time:
     D:1: 41 daAuts
     D:2: 32 daAuts
